[ AOE2 MATCH · #495969583 ]
UnrankedIncas vs Slavs
Player's team · WIN
Rival team · LOSS
[ REPLAY ANALYSIS · EXTRACTED FROM THE RECORDED GAME ]
Feudal
8:52
Castle
22:12
Imperial
44:12
| APM avg | 109.8 |
| APM peak | 158 |
| eAPM avg | 65.6 |
| Villagers / military | 176 / 302 |
Focus
⚔️ 74.4% · 🌾 25.6%
Spearman ×148 · Archer ×83 · Skirmisher ×52 · Unknown (2550) ×38 · Trebuchet (Packed) ×9 · Mangonel ×8
Feudal
9:16
Castle
22:30
Imperial
—
| APM avg | 64.0 |
| APM peak | 117 |
| eAPM avg | 30.7 |
| Villagers / military | 196 / 255 |
Focus
⚔️ 50.5% · 🌾 49.5%
Skirmisher ×112 · Knight ×110 · Mangonel ×13 · Scout Cavalry ×9 · Monk ×7 · Boyar ×2
Match map
Initial resources + every placement click. Lines = walls · curves = elevation contours. ◆ gold · ⬟ stone · ● berries · ✦ relic · ◌ wall gap
Your base· Open — unwalled flank
Hannibal's base· Open — unwalled flank
Smoothed initial terrain · ◌ = detected wall gap · hover for details
Inputs per minute
— John II - - Hannibal
Build order — John II
First 150 of 752 actions detected
| 0:00 | Create | Villager (Male) ×4 |
| 0:01 | Build | House |
| 1:11 | Create | Villager (Male) |
| 1:11 | Create | Villager (Male) |
| 1:51 | Create | Villager (Male) |
| 1:51 | Create | Villager (Male) |
| 2:23 | Build | Settlement |
| 2:24 | Create | Villager (Male) |
| 2:24 | Create | Villager (Male) |
| 2:24 | Create | Villager (Male) |
| 2:44 | Create | Villager (Male) |
| 2:44 | Create | Villager (Male) |
| 2:46 | Create | Villager (Male) |
| 2:46 | Create | Villager (Male) |
| 3:40 | Create | Villager (Male) |
| 3:40 | Create | Villager (Male) |
| 3:40 | Create | Villager (Male) |
| 3:41 | Create | Villager (Male) |
| 3:41 | Create | Villager (Male) |
| 4:05 | Create | Villager (Male) |
| 4:05 | Create | Villager (Male) |
| 5:00 | Create | Villager (Male) |
| 5:11 | Build | Barracks |
| 5:29 | Create | Villager (Male) |
| 5:56 | Research | Loom |
| 5:56 | Research | Loom |
| 6:42 | Research | Feudal Age |
| 6:42 | Research | Feudal Age |
| 6:51 | Build | Settlement |
| 7:02 | Create | Unit 2550 |
| 7:03 | Create | Unit 2550 |
| 7:27 | Create | Unit 2550 |
| 8:20 | Create | Unit 2550 |
| 8:43 | Create | Villager (Male) |
| 8:52 | Age | Feudal Age |
| 8:57 | Research | Tech 1402 |
| 8:57 | Research | Tech 1402 |
| 9:08 | Build | Archery Range |
| 9:12 | Create | Villager (Male) |
| 9:21 | Build | House |
| 9:26 | Build | House |
| 9:28 | Build | Palisade Wall |
| 9:38 | Create | Villager (Male) |
| 9:53 | Create | Villager (Male) |
| 10:07 | Create | Villager (Male) |
| 10:14 | Create | Unit 2550 |
| 10:30 | Build | Settlement |
| 10:41 | Create | Archer |
| 10:42 | Create | Villager (Male) |
| 10:43 | Create | Archer |
| 11:07 | Create | Villager (Male) |
| 11:23 | Create | Spearman |
| 11:30 | Create | Archer |
| 11:47 | Create | Villager (Male) |
| 11:53 | Build | Palisade Wall |
| 11:54 | Build | Palisade Wall |
| 12:01 | Create | Archer |
| 12:16 | Create | Villager (Male) |
| 12:20 | Build | Farm |
| 12:21 | Build | Farm |
| 12:21 | Build | Farm |
| 12:22 | Build | Farm |
| 12:23 | Build | Farm |
| 12:24 | Build | Farm |
| 12:35 | Create | Villager (Male) |
| 12:35 | Create | Villager (Male) |
| 12:35 | Create | Villager (Male) |
| 12:40 | Build | Palisade Wall |
| 12:51 | Create | Archer |
| 12:56 | Build | Farm |
| 13:07 | Create | Villager (Male) |
| 13:13 | Build | Blacksmith |
| 13:18 | Build | Palisade Wall |
| 13:18 | Build | Palisade Wall |
| 13:27 | Create | Archer |
| 13:28 | Create | Villager (Male) |
| 13:30 | Build | Palisade Wall |
| 13:30 | Build | Palisade Wall |
| 13:31 | Build | Palisade Wall |
| 13:32 | Build | Palisade Wall |
| 13:37 | Create | Villager (Male) |
| 13:52 | Create | Spearman |
| 13:59 | Create | Villager (Male) |
| 14:00 | Build | Farm |
| 14:07 | Create | Archer |
| 14:12 | Build | House |
| 14:13 | Build | House |
| 14:22 | Create | Spearman |
| 14:37 | Create | Villager (Male) |
| 14:39 | Build | Palisade Wall |
| 14:40 | Research | Fletching |
| 14:40 | Research | Fletching |
| 14:42 | Create | Archer |
| 14:52 | Create | Villager (Male) |
| 15:14 | Create | Archer |
| 15:17 | Build | Palisade Wall |
| 15:17 | Build | Palisade Wall |
| 15:18 | Build | Palisade Wall |
| 15:20 | Build | Palisade Wall |
| 15:23 | Create | Villager (Male) |
| 15:25 | Build | Farm |
| 15:27 | Build | Farm |
| 15:39 | Create | Archer |
| 15:42 | Build | Palisade Wall |
| 15:45 | Build | Farm |
| 15:51 | Research | Double-Bit Axe |
| 15:56 | Create | Villager (Male) |
| 16:01 | Create | Archer |
| 16:11 | Build | House |
| 16:14 | Create | Villager (Male) |
| 16:24 | Create | Unit 2550 |
| 16:34 | Create | Villager (Male) |
| 16:40 | Build | Palisade Wall |
| 16:49 | Build | Palisade Wall |
| 16:51 | Build | Palisade Wall |
| 17:00 | Build | Farm |
| 17:07 | Build | Archery Range |
| 17:33 | Create | Villager (Male) |
| 17:47 | Create | Villager (Male) |
| 18:07 | Create | Villager (Male) |
| 18:08 | Create | Archer |
| 18:22 | Build | Farm |
| 18:23 | Build | Farm |
| 18:42 | Create | Archer |
| 18:44 | Create | Archer |
| 18:44 | Create | Archer |
| 18:47 | Create | Villager (Male) |
| 18:59 | Build | Farm |
| 19:01 | Build | Farm |
| 19:07 | Build | Palisade Wall |
| 19:08 | Build | Palisade Wall |
| 19:09 | Build | Palisade Wall |
| 19:10 | Build | Palisade Wall |
| 19:21 | Build | House |
| 19:32 | Research | Castle Age |
| 19:32 | Research | Castle Age |
| 19:32 | Research | Castle Age |
| 19:33 | Create | Unit 2550 |
| 19:46 | Build | Palisade Wall |
| 19:46 | Build | Palisade Wall |
| 19:47 | Build | Palisade Wall |
| 19:48 | Build | Palisade Wall |
| 20:07 | Create | Unit 2550 |
| 20:10 | Research | Scale Mail Armor |
| 20:10 | Research | Scale Mail Armor |
| 20:14 | Create | Archer |
| 20:14 | Create | Archer |
| 20:18 | Create | Archer |
| 20:19 | Build | Farm |
| 20:22 | Build | Farm |
Build order — Hannibal
First 150 of 627 actions detected
| 0:01 | Create | Villager (Male) |
| 0:01 | Create | Villager (Male) |
| 0:02 | Build | House |
| 0:07 | Create | Villager (Male) |
| 0:08 | Create | Villager (Male) |
| 1:11 | Build | Mill |
| 1:36 | Create | Villager (Male) |
| 1:51 | Build | House |
| 2:05 | Create | Villager (Male) |
| 2:28 | Create | Villager (Male) |
| 2:52 | Create | Villager (Male) |
| 3:15 | Create | Villager (Male) |
| 3:37 | Build | House |
| 3:40 | Create | Villager (Male) |
| 3:48 | Create | Villager (Male) |
| 4:19 | Create | Villager (Male) |
| 4:20 | Create | Villager (Male) |
| 4:34 | Build | Lumber Camp |
| 4:51 | Create | Villager (Male) |
| 4:57 | Create | Villager (Male) |
| 5:21 | Create | Villager (Male) |
| 5:40 | Research | Loom |
| 7:03 | Research | Feudal Age |
| 7:40 | Build | Lumber Camp |
| 8:39 | Build | Barracks |
| 9:14 | Create | Villager (Male) |
| 9:16 | Age | Feudal Age |
| 9:20 | Build | Stable |
| 9:30 | Build | House |
| 9:35 | Research | Double-Bit Axe |
| 9:36 | Create | Villager (Male) |
| 10:02 | Create | Scout Cavalry |
| 10:02 | Create | Scout Cavalry |
| 10:09 | Create | Villager (Male) |
| 10:16 | Build | Palisade Wall |
| 10:18 | Build | Palisade Wall |
| 10:22 | Build | House |
| 10:24 | Create | Scout Cavalry |
| 10:26 | Create | Villager (Male) |
| 10:29 | Build | Palisade Wall |
| 10:32 | Build | House |
| 10:54 | Create | Villager (Male) |
| 10:58 | Build | Farm |
| 10:59 | Build | Farm |
| 11:04 | Create | Villager (Male) |
| 11:04 | Create | Villager (Male) |
| 11:16 | Build | Palisade Wall |
| 11:18 | Create | Villager (Male) |
| 11:18 | Create | Villager (Male) |
| 11:25 | Create | Villager (Male) |
| 11:26 | Create | Villager (Male) |
| 11:27 | Build | Archery Range |
| 11:40 | Create | Scout Cavalry |
| 11:48 | Build | Farm |
| 11:52 | Create | Villager (Male) |
| 12:03 | Build | Farm |
| 12:09 | Create | Scout Cavalry |
| 12:24 | Build | Farm |
| 12:29 | Create | Skirmisher |
| 12:29 | Create | Skirmisher |
| 12:34 | Create | Villager (Male) |
| 12:52 | Build | Farm |
| 12:55 | Create | Villager (Male) |
| 13:05 | Create | Scout Cavalry |
| 13:08 | Create | Villager (Male) |
| 13:09 | Create | Villager (Male) |
| 13:10 | Build | Farm |
| 13:21 | Build | Farm |
| 13:26 | Build | Farm |
| 13:28 | Create | Skirmisher |
| 13:31 | Create | Villager (Male) |
| 13:34 | Create | Skirmisher |
| 13:43 | Create | Skirmisher |
| 13:47 | Create | Scout Cavalry |
| 13:57 | Build | Farm |
| 13:58 | Build | Farm |
| 14:01 | Create | Villager (Male) |
| 14:05 | Build | Farm |
| 14:08 | Create | Villager (Male) |
| 14:15 | Create | Skirmisher |
| 14:19 | Build | Palisade Wall |
| 14:21 | Create | Villager (Male) |
| 14:30 | Research | Horse Collar |
| 14:30 | Research | Horse Collar |
| 14:33 | Build | Farm |
| 14:43 | Create | Villager (Male) |
| 14:43 | Create | Villager (Male) |
| 14:47 | Build | Palisade Gate |
| 14:55 | Create | Skirmisher |
| 15:01 | Create | Villager (Male) |
| 15:01 | Create | Villager (Male) |
| 15:05 | Build | House |
| 15:07 | Create | Scout Cavalry |
| 15:11 | Build | Farm |
| 15:12 | Build | Farm |
| 15:15 | Create | Villager (Male) |
| 15:26 | Build | Farm |
| 15:30 | Create | Skirmisher |
| 15:38 | Create | Villager (Male) |
| 15:40 | Create | Skirmisher |
| 15:51 | Create | Skirmisher |
| 15:52 | Create | Villager (Male) |
| 15:58 | Create | Villager (Male) |
| 16:00 | Build | House |
| 16:03 | Create | Skirmisher |
| 16:06 | Build | Blacksmith |
| 16:08 | Create | Scout Cavalry |
| 16:17 | Create | Skirmisher |
| 16:18 | Create | Villager (Male) |
| 16:36 | Create | Villager (Male) |
| 16:37 | Build | Farm |
| 16:38 | Build | Farm |
| 16:39 | Build | Farm |
| 16:49 | Create | Villager (Male) |
| 16:51 | Build | Farm |
| 16:58 | Research | Fletching |
| 17:07 | Build | House |
| 17:08 | Build | House |
| 17:14 | Create | Villager (Male) |
| 17:26 | Create | Villager (Male) |
| 17:35 | Build | Mining Camp |
| 18:26 | Build | Farm |
| 18:52 | Build | House |
| 18:53 | Create | Villager (Male) |
| 18:55 | Create | Villager (Male) |
| 19:01 | Build | Stable |
| 19:10 | Build | House |
| 19:16 | Research | Gold Mining |
| 19:26 | Build | House |
| 19:50 | Research | Castle Age |
| 19:50 | Research | Castle Age |
| 19:50 | Research | Castle Age |
| 19:50 | Research | Castle Age |
| 19:57 | Build | Stable |
| 20:02 | Create | Skirmisher |
| 20:02 | Create | Skirmisher |
| 20:04 | Research | Padded Archer Armor |
| 20:11 | Build | Gate |
| 20:16 | Build | House |
| 20:28 | Research | Bloodlines |
| 20:28 | Research | Bloodlines |
| 20:46 | Build | Farm |
| 21:01 | Build | House |
| 21:05 | Research | Scale Barding Armor |
| 21:15 | Build | Watch Tower |
| 21:33 | Build | Palisade Gate |
| 21:57 | Build | Gate |
| 22:21 | Build | House |
| 22:30 | Age | Castle Age |
| 22:30 | Research | Bodkin Arrow |
Match timeline
| 5:11 | John II · first_building Barracks |
| 8:39 | Hannibal · first_building Barracks |
| 8:52 | John II · age_up feudal |
| 9:08 | John II · first_building Archery Range |
| 9:16 | Hannibal · age_up feudal |
| 9:20 | Hannibal · first_building Stable |
| 9:28 | John II · wall_segment Palisade Wall x8 |
| 10:16 | Hannibal · wall_segment Palisade Wall x2 |
| 10:18 | Hannibal · wall_segment Palisade Wall x1 |
| 10:29 | Hannibal · wall_segment Palisade Wall x1 |
| 11:16 | Hannibal · wall_segment Palisade Wall x1 |
| 11:27 | Hannibal · first_building Archery Range |
| 11:53 | John II · wall_segment Palisade Wall x1 |
| 11:54 | John II · wall_segment Palisade Wall x1 |
| 12:40 | John II · wall_segment Palisade Wall x3 |
| 13:18 | John II · wall_segment Palisade Wall x1 |
| 13:18 | John II · wall_segment Palisade Wall x1 |
| 13:30 | John II · wall_segment Palisade Wall x1 |
| 13:30 | John II · wall_segment Palisade Wall x1 |
| 13:31 | John II · wall_segment Palisade Wall x1 |
| 13:32 | John II · wall_segment Palisade Wall x1 |
| 14:19 | Hannibal · wall_segment Palisade Wall x1 |
| 14:39 | John II · wall_segment Palisade Wall x4 |
| 15:17 | John II · wall_segment Palisade Wall x1 |
| 15:17 | John II · wall_segment Palisade Wall x1 |
| 15:18 | John II · wall_segment Palisade Wall x1 |
| 15:20 | John II · wall_segment Palisade Wall x1 |
| 15:42 | John II · wall_segment Palisade Wall x5 |
| 16:40 | John II · wall_segment Palisade Wall x3 |
| 16:49 | John II · wall_segment Palisade Wall x1 |
| 16:51 | John II · wall_segment Palisade Wall x1 |
| 19:07 | John II · wall_segment Palisade Wall x1 |
| 19:08 | John II · wall_segment Palisade Wall x1 |
| 19:09 | John II · wall_segment Palisade Wall x1 |
| 19:10 | John II · wall_segment Palisade Wall x1 |
| 19:46 | John II · wall_segment Palisade Wall x1 |
| 19:46 | John II · wall_segment Palisade Wall x1 |
| 19:47 | John II · wall_segment Palisade Wall x1 |
| 19:48 | John II · wall_segment Palisade Wall x1 |
| 22:12 | John II · age_up castle |
| 22:30 | Hannibal · age_up castle |
| 22:59 | Hannibal · wall_segment Stone Wall x1 |
| 30:42 | Hannibal · first_building Siege Workshop |
| 34:46 | Hannibal · first_building Monastery |
| 35:59 | John II · first_building Monastery |
| 37:21 | John II · first_building Siege Workshop |
| 39:58 | John II · first_building Castle |
| 44:12 | John II · age_up imperial |
| 44:31 | John II · wall_segment Palisade Wall x1 |
| 46:32 | Hannibal · first_building Castle |
| 50:12 | Hannibal · resign |
[ AI ANALYSIS · 1 CREDIT ]
What really happened in this match?
Wolo.gg analyzes every decision: build order, eco, micro, common mistakes by bracket. Personalized analysis on WhatsApp or Discord in 30 seconds.
Civ guide
Incas
Perfil
Jugador #5205268